Unix NetHack Version 3.7.0-70 Work-in-progress - last build Jan 20 2023 02:37:49 (416de4da9be3a1557180d233d1398bca634ded6a,branch:master). Game began 2023-01-30 10:50:51, ended 2023-01-30 11:14:18. Kontroller, lawful male human Knight ---- ---..-- .<%@..| ..a..-- |..| -.| |.| |.| |.| |.| |.-- |..| --.| |.-- |..| |-%| |..-- |...| |..-- ---- Kontroller the Bachelor St:17 Dx:9 Co:13 In:8 Wi:14 Ch:18 Lawful S:3755 Dlvl:7 $:199 HP:0(54) Pw:62(62) AC:2 Xp:7/814 T:3091 Satiated Burdened Latest messages: Where do you want to hit? (For instructions type a '?') The lance hits the spotted jelly! Where do you want to hit? (For instructions type a '?') The lance hits the spotted jelly. Where do you want to hit? (For instructions type a '?') The lance hits the spotted jelly. Where do you want to hit? (For instructions type a '?') You kill the spotted jelly! You can't go up here. You fall down the stairs. The snake bites! You begin bashing monsters with your lance. You miss the snake. The snake bites! The snake bites! The snake bites! You miss the snake. The snake bites! You hit the snake. The snake bites! You miss the snake. The snake bites! You miss the snake. The snake bites! a - the blessed rustproof +1 Excalibur (weapon in hand). b - a blessed +1 lance (alternate weapon; not wielded). The snake bites! You hit the snake! The snake bites! You miss the snake. The snake misses! You miss the snake. The snake bites! You kill the snake! You see here a snake corpse. You hear a door open. The soldier ant misses! The soldier ant stings! You hit the soldier ant! The soldier ant bites! The soldier ant misses! You kill the soldier ant! The soldier ant bites! You die... Do you want your possessions identified? [ynq] (y) y Do you want to see your attributes? [ynq] (y) q Inventory: Coins $ - 199 gold pieces Weapons l - 3 +1 darts y - 9 +0 darts a - the blessed rustproof +1 Excalibur (weapon in hand) b - a blessed +1 lance (alternate weapon; not wielded) Armor E - an uncursed +0 dwarvish iron helm d - an uncursed +0 helmet (being worn) f - an uncursed +0 pair of leather gloves (being worn) P - an uncursed +0 bronze plate mail (being worn) Comestibles h - 6 uncursed carrots Q - an uncursed lizard corpse Scrolls A - 2 blessed scrolls of blank paper B - an uncursed scroll of blank paper M - an uncursed scroll of confuse monster L - an uncursed scroll of destroy armor v - an uncursed scroll of enchant armor K - an uncursed scroll of fire i - an uncursed scroll of identify s - an uncursed scroll of magic mapping z - an uncursed scroll of scare monster Spellbooks u - an uncursed spellbook of cure blindness Potions r - an uncursed potion of healing Rings p - an uncursed ring of fire resistance O - a cursed ring of searching w - an uncursed ring of see invisible Wands I - a wand of polymorph (0:2) R - a wand of striking (0:7) Tools H - an uncursed bugle G - an uncursed lock pick D - an uncursed magic whistle Gems/Stones S - an uncursed obsidian stone n - an uncursed sapphire N - an uncursed worthless piece of blue glass F - an uncursed worthless piece of green glass e - an uncursed worthless piece of white glass o - 2 uncursed worthless pieces of yellowish brown glass x - a cursed worthless piece of yellowish brown glass J - 10 uncursed rocks Kontroller the Knight's attributes: Background: You were a Bachelor, a level 7 male human Knight. You were lawful, on a mission for Lugh who was opposed by Brigit (neutral) and Manannan Mac Lir (chaotic). You were in the Gnomish Mines, on level 7. You entered the dungeon 3091 turns ago. You had 814 experience points, 466 more were needed to attain level 8. Your score was 3755 before end-of-game adjustments. Basics: You had 0 out of 54 hit points. You had all 62 energy points (spell power). Your armor class was 2. Your wallet contained 199 zorkmids. Autopickup was off. Final Characteristics: Your strength was 17 (limit:18/100). Your dexterity was 9 (limit:18). Your constitution was 13 (limit:18). Your intelligence was 8 (limit:18). Your wisdom was 14 (limit:18). Your charisma was 18 (limit:18). Final Status: You were satiated. You were burdened; movement was slightly slowed. You were wielding a long sword. You had basic skill with long sword. Final Attributes: You were piously aligned. You were level-drain resistant. You were telepathic. You had automatic searching. You could jump. You were warded. You were fast. You are dead. Miscellaneous: You encountered 1 bones level. Total elapsed playing time was 23 minutes and 26 seconds. Major events: Turn 1: Kontroller the lawful male human Knight entered the dungeon 509: attained the rank of Esquire (level 3) 1500: entered the Gnomish Mines 2093: has been given Excalibur, and now enjoys supreme executive power 2265: attained the rank of Bachelor (level 6) 3091: killed by a soldier ant Vanquished creatures: a small mimic a spotted jelly a lizard a housecat a snake a soldier ant an orc shaman 2 rock moles a pony a yellow light 2 shriekers a violet fungus 3 gnome leaders a kobold mummy a paper golem a floating eye 3 dwarves 3 hill orcs 2 rothes a centipede a giant bat a wererat 2 iguanas 7 killer bees 2 acid blobs 4 giant rats 4 cave spiders a brown mold a red mold 16 gnomes a gnome zombie a gecko 2 jackals a fox 3 kobolds 3 goblins 5 sewer rats a grid bug 4 lichens a newt 90 creatures vanquished. No species were genocided or became extinct. Voluntary challenges: You read items or engraved 4 times. You never engraved Elbereth. You never genocided any monsters. You never polymorphed an object. You never changed form. You used no wishes. Achievements: You attained the rank of Esquire. You entered a shop. You entered the Gnomish Mines. You attained the rank of Bachelor. The Dungeons of Doom: levels 1 to 5 Level 1: An altar to Lugh. Level 2: An altar, some fountains. Level 3: An altar, some fountains. Level 4: A scroll shop, some fountains. Stairs down to The Gnomish Mines. Level 5: Some shops. The Gnomish Mines: levels 5 to 7 Level 5: Level 6: Level 7: <- You were here. Final resting place for you, killed by a soldier ant, Wolfechu-Sam-Hum-Mal-Law, killed by a snake. Game over: ---------- / \ / REST \ / IN \ / PEACE \ / \ | Kontroller | | 199 Au | | killed by a | | soldier ant | | | | | | 2023 | *| * * * | * _________)/\\_//(\/(/\)/\//\/|_)_______ Fare thee well Kontroller the Knight... You died in The Gnomish Mines on dungeon level 7 with 3736 points, and 199 pieces of gold, after 3091 moves. You were level 7 with a maximum of 54 hit points when you died.